 Dungeon Crawl Stone Soup version 0.20.1-1-g8b1a95d (webtiles) character file.

60 froobite the Slasher (level 3, 0/34 HPs)
             Began as a Minotaur Berserker on Aug 1, 2017.
             Was a Believer of Trog.
             Succumbed to an adder's poison
             ... on level 3 of the Dungeon.
             The game lasted 00:03:58 (1689 turns).

froobite the Slasher (Minotaur Berserker)           Turns: 1689, Time: 00:03:59

Health: 0/34       AC: 12    Str: 22    XL:     3   Next: 80%
Magic:  2/2        EV:  6    Int:  4    God:    Trog [**....]
Gold:   53         SH:  2    Dex:  9    Spells: 2/2 levels left

rFire    . . .     SeeInvis .   a - +0 falchion
rCold    . . .     Gourm    .   m - +0 buckler
rNeg     . . .     Faith    .   q - +0 plate armour
rPois    .         Spirit   .   (helmet restricted)
rElec    .         Reflect  .   (no cloak)
rCorr    .         Harm     .   n - +0 pair of gloves
MR       .....                  (no boots)
Stlth    ..........             (no amulet)
Regen    0.2/turn               (no ring)
MPRegen  0.1/turn               (no ring)

@: lethally poisoned (0 -> -9), very slow
A: retaliatory headbutt, horns 2
a: Berserk, Trog's Hand, Burn Spellbooks, Renounce Religion


You were on level 3 of the Dungeon.
You worshipped Trog.
Trog was pleased with you.
You were not hungry.

You visited 1 branch of the dungeon, and saw 3 of its levels.

You collected 53 gold pieces.

Inventory:

Hand Weapons
 a - a +0 falchion (weapon)
Armour
 b - a +0 animal skin
 d - a +0 ring mail
 m - a +0 buckler (worn)
 n - a +0 pair of gloves (worn)
 q - a +0 plate armour (worn)
Scrolls
 e - a scroll of random uselessness {unknown}
 g - a scroll of enchant weapon {unknown}
 i - a scroll of magic mapping {unknown}
 j - 4 scrolls of remove curse {unknown}
 s - 2 scrolls of teleportation {unknown}
Potions
 h - a potion of might {unknown}
 l - 2 potions of heal wounds {unknown}
 o - a potion of mutation {unknown}
 p - a potion of haste {unknown}
 r - a potion of curing {unknown}
 t - a potion of flight {unknown}
 u - a potion of agility {unknown}
 v - a potion of lignification {unknown}
Comestibles
 c - 3 bread rations
 f - a meat ration
 k - 4 fruits


   Skills:
 + Level 4.4 Fighting
 + Level 4.5 Long Blades
 + Level 3.0 Armour
 + Level 2.5 Dodging


You had 2 spell levels left.
You didn't know any spells.

Dungeon Overview and Level Annotations

Branches:
Dungeon (3/15)

Altars:


Innate Abilities, Weirdness & Mutations

You reflexively headbutt those who attack you in melee.
You have a pair of horns on your head.


Message History

The dart slug bites you but does no damage.
You hit the adder. Your headbutt misses the adder.
The adder is heavily wounded.
* * * LOW HITPOINT WARNING * * *
You feel sick. The adder barely misses you. You furiously retaliate!
You headbutt the adder, but do no damage.
The dart slug launches a dart at you. The slug dart hits you!
* * * LOW HITPOINT WARNING * * *
The adder bites you but does no damage.
Your unstable footing causes you to fumble your attack.
* * * LOW HITPOINT WARNING * * *
You feel sick. The adder bites you but does no damage.
You hit the adder.
The adder is severely wounded.
* * * LOW HITPOINT WARNING * * *
You feel sick. The adder barely misses you.
The dart slug bites you but does no damage.
Your unstable footing causes you to fumble your attack.
You die...

≈≈≈≈≈≈≈.#
≈≈≈≈≈≈..#
≈≈≈≈≈≈≈.#
≈≈.≈≈≈≈.#
≈_.≈≈≈.≈########
...≈≈≈≈≈.......#
≈≈≈≈≈≈..######.##
≈≈≈≈≈≈..# #..##
≈≈≈≈≈≈≈@# ##..###
≈≈≈.≈.wS#
##...###
..≈.....#
###...##
......### ###..##
...... ##...
...... ##..
...... #.. .....
..... ###..


You could see an adder and a dart slug.

Vanquished Creatures
  An adder (D:2)
  An ooze (D:1)
  2 worms
  A dart slug (D:2)
  A leopard gecko (D:1)
  An orc (D:3)
  4 bats
  2 giant cockroaches (D:1)
  3 goblins
  3 hobgoblins
  5 jackals
  3 kobolds
  A ball python (D:1)
  4 frilled lizards
  3 rats (D:2)
35 creatures vanquished.

Notes
Turn   | Place    | Note
-------+----------+-------------------------------------------
     0 | D:1      | froobite the Minotaur Berserker began the quest for the Orb.
     0 | D:1      | Reached XP level 1. HP: 19/19 MP: 0/0
   239 | D:1      | Reached XP level 2. HP: 27/27 MP: 1/1
  1056 | D:2      | Reached XP level 3. HP: 33/33 MP: 2/2
  1215 | D:2      | Reached ** piety under Trog
  1670 | D:3      | Found a faded altar of an unknown god.
  1688 | D:3      | HP: 1/34 [poisoned by an adder]
  1689 | D:3      | Succumbed to an adder's poison

Skill      XL: |  1  2  3 |
---------------+----------+-----
Fighting       | 4 |  4.4
Long Blades    | 4 |  4.5
Armour         | 3 |  3.0
Dodging        | |  2.5

Action                   || total
-------------------------++-------
Melee: Falchion          ||   110
       Headbutt          ||    15
  Eat: Fruit             ||     3
Armor: Ring mail         ||    17
       Plate armour      ||    50
Dodge: Dodged            ||    47
Block: Buckler           ||     8
       Rpst.: Falchion   ||     9
